Map: Dusk Towers

Players

Bowman

  • Race: Protoss Protoss
  • League: Grandmaster

Abbadon - Winner!

  • Race: Terran Terran

VOD

Have the link to the VOD?

Description

Time

  • Played on: Feb. 3, 2016, 10:57 a.m.
  • Length: 11:28
Show
View Real Time Build Order
Export as new Build Order

Bowman Protoss 

Build Orders: 1 Gate Expand 

Get SALT Encoding   

  12  0:01  Probe (Chrono Boost)  
  13  0:12  Probe (Chrono Boost)  
  14  0:18  Pylon  
  14  0:22  Probe (Chrono Boost)  
  15  0:36  Probe (Chrono Boost)  
  16  0:43  Gateway  
  16  0:45  Assimilator  
  16  0:48  Probe (Chrono Boost)  
  17  0:58  Probe (Chrono Boost)  
  18  1:09  Probe (Chrono Boost)  
  19  1:21  Nexus  
  19  1:22  Probe (Chrono Boost)  
  20  1:26  Assimilator  
  20  1:32  Probe (Chrono Boost)  
  21  1:40  Cybernetics Core  
  21  1:46  Pylon  
  21  1:48  Probe (Chrono Boost)  
  22  1:59  Probe (Chrono Boost)  
  23  2:09  Probe (Chrono Boost)  
  24  2:16  Stalker (Chrono Boost)  
  24  2:17  Warp Gate  
  24  2:20  Probe  
  27  2:32  Mothership Core  
  27  2:33  Probe  
  30  2:46  Probe  
  30  2:47  Adept (Chrono Boost)  
  33  2:54  Probe  
  33  2:56  Probe  
  35  3:06  Probe  
  35  3:07  Probe  
  35  3:11  Sentry (Chrono Boost)  
  39  3:14  Pylon  
  39  3:18  Probe x2  
  41  3:23  Robotics Facility  
  41  3:25  Twilight Council  
  41  3:27  Assimilator  
  41  3:28  Probe  
  41  3:30  Probe  
  43  3:39  Probe  
  44  3:42  Probe  
  44  3:45  Assimilator  
  44  3:48  Forge  
  45  3:49  Probe  
  45  3:54  Probe  
  47  3:56  Resonating Glaives (Chrono Boost)  
  47  4:00  Probe  
  48  4:06  Probe  
  48  4:09  Protoss Ground Weapons Level 1 (Chrono Boost)  
  51  4:11  Gateway  
  51  4:12  Gateway  
  51  4:14  Warp Prism (Chrono Boost)  
  51  4:18  Gateway  
  51  4:25  Dark Shrine  
  51  4:27  Probe x2  
  53  4:40  Gateway x2  
  53  4:44  Probe  
  54  4:53  Pylon  
  54  4:55  Pylon  
  54  5:06  Gateway  
  54  5:07  Gateway  
  54  5:11  Observer  
  55  5:24  Adept x2  
  55  5:25  Adept x2  
  63  5:37  Pylon  
  63  5:38  Pylon  
  63  5:39  Dark Templar x2  
  63  5:40  Pylon  
  67  5:45  Adept  
  67  5:56  Protoss Ground Weapons Level 2  
  63  5:59  Warp Prism (Chrono Boost)  
  63  6:04  Adept x4  
  57  6:09  Mothership Core  
  63  6:14  Adept  
  63  6:15  Adept x3  
  71  6:38  Adept x7  
  71  6:39  Adept  
  87  6:58  Pylon  
  87  6:59  Pylon  
  87  7:11  Nexus  
  87  7:13  Pylon  
  87  7:14  Dark Templar x2  
  91  7:19  Dark Templar  
  82  7:40  Dark Templar  
  82  7:41  Dark Templar  
  82  7:42  Zealot x2  
  82  7:43  Zealot  
  90  7:58  Protoss Ground Armor Level 1  
  90  8:02  Stalker x2  
  90  8:03  Stalker x3  
  88  8:07  Stalker  
  88  8:08  Stalker x4  
  88  8:11  Probe x2  
  96  8:29  Probe  
  96  8:30  Probe x2  
  99  8:43  Robotics Bay  
  99  8:44  Blink  
  99  8:46  Immortal (Chrono Boost)  
  103  8:54  Probe x2  
  97  8:57  Probe  
  97  9:01  Dark Templar x2  
  97  9:02  Adept x2  
  106  9:06  Probe  
  106  9:07  Probe  
  103  9:18  Nexus  
  103  9:25  Warp Prism (Chrono Boost)  
  71  10:01  Probe x2  
  71  10:04  Disruptor (Chrono Boost)  
  71  10:05  Gravitic Drive (Chrono Boost)  
  74  10:22  Adept x2  
  74  10:24  Probe x2  
  80  10:32  Disruptor (Chrono Boost)  
  83  10:36  Stalker x4  
  83  10:37  Stalker x2  
  83  10:41  Assimilator  
  83  10:42  Assimilator  
  95  10:50  Adept x2  
  95  10:56  Pylon  
  99  10:57  Pylon  
  99  11:03  Adept x3  
Show
View Real Time Build Order
Export as new Build Order

Abbadon Terran - Winner!

Build Orders: Reaper Expand, Bio Tank 

Get SALT Encoding   

  12  0:01  SCV  
  13  0:13  SCV  
  14  0:17  Supply Depot  
  14  0:25  SCV  
  15  0:39  SCV  
  15  0:40  Barracks  
  16  0:43  Refinery  
  16  0:51  SCV  
  17  1:03  SCV  
  18  1:15  SCV  
  19  1:27  Orbital Command  
  19  1:28  Reaper  
  20  1:40  Command Center  
  20  1:53  SCV  
  21  1:54  Supply Depot  
  21  2:01  Barracks Reactor  
  21  2:05  SCV  
  22  2:17  SCV  
  22  2:20  Factory  
  23  2:29  SCV  
  24  2:41  Command Center  
  24  2:42  Marine x2  
  26  2:46  SCV  
  26  2:51  Refinery  
  27  2:55  Orbital Command  
  27  3:00  Marine  
  27  3:02  Marine  
  29  3:06  Factory Tech Lab  
  29  3:08  SCV  
  30  3:18  Marine  
  31  3:20  Marine, SCV  
  31  3:23  SCV  
  31  3:26  Cyclone  
  37  3:32  SCV  
  38  3:35  SCV  
  38  3:36  Marine  
  38  3:38  Marine  
  41  3:44  SCV  
  41  3:47  SCV, Barracks  
  43  3:54  Marine  
  43  3:55  Marine, Orbital Command  
  44  3:57  SCV  
  44  3:58  Widow Mine  
  44  4:02  SCV  
  48  4:09  SCV  
  49  4:10  Engineering Bay  
  49  4:13  Supply Depot  
  49  4:14  Marine x2, SCV  
  52  4:21  SCV  
  53  4:25  SCV  
  53  4:26  SCV  
  53  4:29  Siege Tank  
  58  4:32  Engineering Bay  
  58  4:33  SCV  
  58  4:37  SCV  
  58  4:38  Barracks Tech Lab  
  60  4:39  Marine x2  
  60  4:42  Supply Depot  
  60  4:43  SCV  
  63  4:48  SCV  
  64  4:57  Marine x2, Stimpack  
  64  4:58  Marine  
  67  5:00  SCV x2  
  67  5:01  Refinery  
  67  5:04  Siege Tank  
  72  5:09  Terran Infantry Weapons Level 1  
  72  5:12  Supply Depot  
  72  5:15  Refinery, SCV  
  72  5:17  SCV  
  72  5:21  Marine x2  
  76  5:25  Marine  
  76  5:26  Bunker  
  77  5:29  Missile Turret  
  77  5:36  Siege Tank  
  77  5:38  Marine  
  77  5:39  Marine  
  82  5:44  Marauder  
  82  5:49  Starport  
  84  5:52  Barracks  
  75  6:04  Marine x2  
  75  6:06  SCV  
  75  6:09  Marine  
  75  6:10  Siege Tank  
  82  6:17  Missile Turret  
  82  6:20  Missile Turret  
  82  6:21  SCV x3  
  82  6:25  Marine  
  84  6:27  Barracks  
  84  6:29  Starport Reactor  
  84  6:31  Barracks  
  85  6:32  Supply Depot  
  85  6:33  Marine x2  
  85  6:37  Supply Depot  
  87  6:41  Barracks Tech Lab  
  87  6:42  Siege Tank  
  90  6:50  Marine  
  90  6:51  Marine  
  92  6:55  Marauder  
  92  6:57  Missile Turret  
  92  6:58  Orbital Command, SCV  
  92  7:00  SCV  
  96  7:04  Terran Infantry Armor Level 1, Combat Shields  
  96  7:10  SCV  
  96  7:15  Medivac x2  
  101  7:16  Barracks Tech Lab  
  101  7:18  SCV  
  102  7:23  Missile Turret  
  89  7:30  SCV  
  89  7:31  Marine, Marauder  
  89  7:36  Marine  
  89  7:37  Marine, Marauder x2  
  84  7:42  Siege Tank  
  81  7:48  Marine  
  82  7:53  Marauder  
  82  7:54  Marine x2  
  88  7:58  Marauder  
  88  7:59  Marauder  
  90  8:06  Marine  
  90  8:12  Marine x2, Medivac  
  94  8:14  Marauder  
  94  8:15  Medivac  
  94  8:18  Orbital Command  
  94  8:19  Marine  
  101  8:20  Marauder  
  101  8:24  Marine  
  98  8:34  Siege Tank  
  98  8:35  Marauder  
  98  8:38  Marauder  
  98  8:39  Marine  
  108  8:41  Marauder  
  108  8:44  Marine  
  109  8:49  Supply Depot, Medivac  
  109  8:52  Medivac  
  109  8:55  Marine  
  113  8:56  Marine  
  113  8:57  Marauder  
  113  8:59  Marauder  
  119  9:03  Marauder  
  116  9:11  Orbital Command  
  113  9:17  SCV x2  
  113  9:21  Liberator  
  113  9:22  Marine  
  113  9:23  Marine  
  116  9:26  Marine, Missile Turret  
  116  9:29  SCV x2  
  116  9:41  SCV x2  
  116  9:42  Marine, Marauder  
  111  9:46  Siege Tank  
  114  9:53  SCV  
  102  10:00  SCV x2  
  102  10:05  SCV  
  104  10:11  Marine x2  
  104  10:12  SCV x2  
  108  10:14  Marine x2  
  108  10:17  SCV  
  108  10:21  Marine, Marauder  
  111  10:24  SCV x2  
  116  10:28  Marine  
  116  10:29  SCV  
  118  10:36  Marine, SCV, Siege Tank  
  118  10:37  Marine, Marauder  
  118  10:38  SCV  
  118  10:41  SCV  
  128  10:45  Marine  
  128  10:46  Marine, Marauder  
  132  10:54  Marine  
  132  10:55  Armory  
  133  11:01  Marine x2  
  133  11:04  Marine, Marauder  
  133  11:07  Marine  
Tags
 
Add a new tag
Caveats
  • Supply blocks, unpowered buildings, or Contaminate may cause inaccurate times.
  • Supply counts are checked every 10 seconds.